 Dungeon Crawl Stone Soup version 0.28.0-45-g0d030f2227 (webtiles) character file.

Game seed: 12842667070593279648

21795 Kangaroobicon the Basher (level 12, -2/100 HPs)
             Began as a Palentonga Fighter on Apr 24, 2022.
             Was a Priest of the Shining One.
             Engulfed by a red draconian's flame (4 damage)
             ... in a volcano.
             The game lasted 01:54:36 (11275 turns).

Kangaroobicon the Basher (Palentonga Fighter)      Turns: 11275, Time: 01:54:36

Health: -2/100     AC: 24    Str: 20    XL:     12   Next: 57%
Magic:  9/12       EV: 11    Int: 10    God:    the Shining One [***...]
Gold:   473        SH: 12    Dex: 13    Spells: 11/11 levels left

rFire   . . .      SeeInvis +   x - +4 flail (protect)
rCold   . . .      Faith    .   c - +0 buckler
rNeg    + . .      Spirit   .   J - +1 ring mail of Temperance {*Corrode rPois Slay+6}
rPois   +          Reflect  .   m - +2 helmet
rElec   .          Harm     .   (no cloak)
rCorr   +          Rampage  .   (no gloves)
Will    .....                   r - +0 barding
Stlth   +.........              j - amulet of magic regeneration
HPRegen 0.26/turn               i - ring of resist corrosion
MPRegen 0.53/turn               v - +4 ring of evasion

@: divinely shielded, under a protective aura, glowing
A: large, rugged brown scales 3, see invisible, deformed body, roll 1, armoured
tail, reflexive curl
a: Rolling Charge, Renounce Religion, Divine Shield, Cleansing Flame


You were in a volcano.
You worshipped the Shining One.
The Shining One was most pleased with you.
You visited 2 branches of the dungeon, and saw 12 of its levels.
You also visited: Volcano.

You collected 503 gold pieces.
You spent 30 gold pieces at shops.

Inventory:

Hand Weapons
 u - a +1 falchion of electrocution
 w - a +3 short sword
 x - a +4 flail of protection (weapon)
 z - a +3 dagger of speed
 A - a +2 dagger of flaming
 G - a +1 morningstar of protection
 Q - a +2 scimitar of flaming
Missiles
 b - 2 atropa-tipped darts
 s - 28 poisoned darts (quivered)
 D - 7 curare-tipped darts
Armour
 c - a +0 buckler (worn)
 m - a +2 helmet (worn)
 r - a +0 barding (worn)
 J - the +1 ring mail of Temperance (worn) {*Corrode rPois Slay+6}
   (You found it on level 1 of the Lair of Beasts)

   Slay:      It affects your accuracy & damage with ranged weapons and melee
   (+6).
   rPois:     It protects you from poison.
   *Corrode:  It may corrode you when you take damage.
Magical Staves
 T - a staff of earth
Jewellery
 i - a ring of resist corrosion (left hand)
 j - an amulet of magic regeneration (around neck)
 v - a +4 ring of evasion (right hand)
 B - a ring of flight
 F - a ring of protection from cold
 I - a ring of willpower
 P - a +6 ring of strength
 R - a ring of protection from fire
Scrolls
 d - a scroll of holy word {unknown}
 e - a scroll of teleportation {unknown}
 l - 3 scrolls of vulnerability {unknown}
 n - 2 scrolls of magic mapping
 o - a scroll of summoning {unknown}
 q - 5 scrolls of fog
 t - 2 scrolls of fear
 y - a scroll of blinking {unknown}
 H - a scroll of amnesia {unknown}
 L - a scroll of enchant armour {unknown}
 M - a scroll of acquirement {unknown}
 O - a scroll of torment {unknown}
Potions
 g - a potion of flight
 h - 4 potions of curing {unknown}
 k - a potion of brilliance {unknown}
 p - 4 potions of attraction
 C - 2 potions of lignification
 E - a potion of mutation {unknown}
 K - a potion of berserk rage {unknown}
Miscellaneous
 a - a piece from Xom's chessboard (15/15)


   Skills:
 + Level 8.3 Fighting
 + Level 8.9(11.5) Axes
 + Level 11.5(12.8) Maces & Flails
 + Level 2.4 Throwing
 + Level 7.7 Armour
 + Level 3.2 Dodging
 - Level 0.4 Stealth
 * Level 8.1 Shields
 + Level 0.3 Invocations
 + Level 0.1 Evocations


You had 11 spell levels left.
You didn't know any spells.
Your spell library contained the following spells:

 Spells                   Type           Power      Damage    Failure   Level
 Shock                    Conj/Air       0%         1d3       56%         1
 Corpse Rot               Necr/Air       0%         N/A       71%         2
 Poisonous Vapours        Pois/Air       0%         N/A       71%         2
 Static Discharge         Conj/Air       0%         N/A       71%         2
 Call Canine Familiar     Summ           0%         N/A       91%         3
 Ozocubu's Armour         Ice            0%         N/A       91%         3
 Portal Projectile        Hex/Tloc       0%         N/A       91%         3
 Summon Guardian Golem    Hex/Summ       0%         N/A       91%         3
 Swiftness                Air            0%         N/A       91%         3
 Airstrike                Air            0%         N/A       100%        4
 Leda's Liquefaction      Hex/Erth       0%         N/A       100%        4
 Lightning Bolt           Conj/Air       0%         1d11      100%        5
 Metabolic Englaciation   Hex/Ice        0%         N/A       100%        5
 Simulacrum               Ice/Necr       0%         N/A       100%        6
 Orb of Destruction       Conj           0%         9d5       100%        7
 Spellforged Servitor     Conj/Summ      0%         N/A       100%        7
 Maxwell's Capacitive Co  Air            0%         ∞         100%        8


Dungeon Overview and Level Annotations

Branches:
Dungeon (8/15)             Temple (0/1) D:4            Lair (4/6) D:8
 Shoals (0/4) Lair:2       Spider (0/4) Lair:2      Volcano (1/1)

Altars:
Fedhas
Gozag
Makhleb
Nemelex Xobeh
Ru
Wu Jian
Xom
The Shining One

Shops:
D:1 (   D:5 ?


Innate Abilities, Weirdness & Mutations

You are completely covered in rugged brown scales. (AC +3, +7% HP)
You have supernaturally acute eyesight. (SInv)
Armour fits poorly on your strangely shaped body.
You can roll at nearby foes to attack.
You have a long armoured tail.
You curl defensively after being hit. (AC +7*)


Message History

The red draconian breathes fire at you.
The searing blast hits you but does no damage.
The centaur shoots an arrow.
The arrow closely misses you.
You close the door, pushing everything out of the way.
You are engulfed in blazing flames.
* * * LOW HITPOINT WARNING * * *
A centaur opens the door.
The centaur shoots an arrow.
You block the arrow.
The centaur shoots an arrow.
The arrow hits you but does no damage.
You hit the red draconian but do no damage.
You are engulfed in blazing flames.
The red draconian hits you with a +2 broad axe of flaming.
* * * LOW HITPOINT WARNING * * *
The red draconian burns you.
* * * LOW HITPOINT WARNING * * *
You feel much better.
You are engulfed in blazing flames.
* * * LOW HITPOINT WARNING * * *
The red draconian hits you but does no damage.
You hit the red draconian.
The red draconian is lightly wounded.
You are engulfed in blazing flames.
* * * LOW HITPOINT WARNING * * *
You feel much better.
You are engulfed in blazing flames.
The red draconian breathes fire at you. The searing blast hits you!!
* * * LOW HITPOINT WARNING * * *
You hit the red draconian. You tail-slap the red draconian!
The red draconian is lightly wounded.
You are engulfed in blazing flames.
* * * LOW HITPOINT WARNING * * *
The red draconian hits you but does no damage.
You sock the red draconian!
The red draconian is moderately wounded.
You are engulfed in blazing flames.
* * * LOW HITPOINT WARNING * * *
The red draconian breathes fire at you. The searing blast hits you!
* * * LOW HITPOINT WARNING * * *
Your shield is strengthened by the Shining One's divine power.
You are engulfed in blazing flames.
You die...

##...≈§≈≈≈≈≈§≈§§≈§ ..
#....≈§≈≈≈≈≈§≈≈≈§§
..#
#....§§§§≈≈≈§≈≈≈§§
...#
###..§§§≈≈≈§§≈≈≈≈≈
#..# #...≈≈≈≈≈≈≈≈§§§§
#..# ##.§§§≈§≈≈≈≈≈≈≈§
#..# ##...≈≈≈≈§§≈≈§≈§
#cc###8.....≈≈§≈≈≈§§≈
#ccd@...○..≈≈≈≈≈≈§≈≈§
#.c###8......≈≈§§§≈..
#..# ###.....≈.≈§§§##
#.(# ##.##...§..###
#..# ####.###### ...#
### ..# ..


You could see a red draconian (catching breath) and 5 centaurs.

Vanquished Creatures
  A hydra (Lair:3)
  Erica (Lair:2)
  A two-headed ogre (D:8)
  A centaur warrior (Volcano)
  Pikel (D:5)
  A manticore (D:7)
  The ghost of mistmaker the Gusty, a novice TeAE of Vehumet (D:6)
  7 elephants
  2 black mambas (Lair:3)
  4 cane toads
  2 rime drakes (Lair:1)
  4 komodo dragons
  A polar bear (Lair:1)
  A meliai (Lair:2)
  Prince Ribbit (D:5)
  3 blink frogs (Lair:1)
  A shadow (D:8)
  29 yaks
  A wraith (D:8)
  A basilisk (Lair:4)
  7 fire bats (Volcano)
  A steam dragon (D:8)
  14 water moccasins
  5 black bears
  10 wolves
  An ogre (D:5)
  Blork the orc (D:5)
  3 kobold brigands
  14 bullfrogs
  A scorpion (D:7)
  A water moccasin skeleton (D:4)
  12 killer bees
  3 electric eels
  5 lava snakes (Volcano)
  A bullfrog zombie (D:6)
  A centaur zombie (D:7)
  A hound (D:5)
  A gnoll shaman (D:8)
  A bullfrog skeleton (D:5)
  3 centaur skeletons
  3 orc priests
  2 jellies
  Terence (D:2)
  3 iguanas
  5 orc wizards
  A killer bee zombie (D:8)
  A howler monkey zombie (D:7)
  A howler monkey skeleton (D:5)
  8 gnolls
  9 adders
  A white imp (D:6)
  An ufetubus (D:5)
  3 dart slugs
  25 orcs
  7 endoplasms
  5 giant cockroaches
  11 goblins
  9 hobgoblins
  4 jackals (D:2)
  4 quokkas
  4 ball pythons
  3 bats
  A frilled lizard (D:1)
  17 kobolds
  4 rats
283 creatures vanquished.

Vanquished Creatures (others)
  A bush (Lair:4)
  5 fungi
  22 plants
28 creatures vanquished.

Grand Total: 311 creatures vanquished

Notes
Turn   | Place    | Note
-------+----------+-------------------------------------------
     0 | D:1      | Kangaroobicon the Palentonga Fighter began the quest for
                  | the Orb.
     0 | D:1      | Reached XP level 1. HP: 19/19 MP: 1/1
   368 | D:1      | Reached XP level 2. HP: 18/25 MP: 2/2
   600 | D:1      | Found Qinepaal's Antique Weapon Boutique.
   621 | D:1      | Reached XP level 3. HP: 15/31 MP: 3/3
   799 | D:1      | Found a faded altar of an unknown god.
   919 | D:2      | Reached XP level 4. HP: 4/37 MP: 4/4
  1345 | D:2      | Noticed Terence
  1351 | D:2      | Killed Terence
  1555 | D:2      | Reached XP level 5. HP: 43/43 MP: 5/5
  2080 | D:3      | Found a sparkling altar of Nemelex Xobeh.
  2597 | D:4      | Found a sacrificial altar of Ru.
  2597 | D:4      | Found a glowing golden altar of the Shining One.
  2616 | D:4      | Became a worshipper of the Shining One
  2712 | D:4      | Found a staircase to the Ecumenical Temple.
  2961 | D:5      | Entered Level 5 of the Dungeon
  2969 | D:5      | Reached XP level 6. HP: 43/51 MP: 6/6
  2993 | D:5      | Noticed Blork the orc
  3005 | D:5      | Killed Blork the orc
  3132 | D:5      | Reached skill level 5 in Axes
  3140 | D:5      | Noticed a water moccasin
  3147 | D:5      | Killed a water moccasin
  3148 | D:5      | Gained mutation: You curl defensively after being hit. (AC
                  | +7*) [Palentonga growth]
  3148 | D:5      | Reached XP level 7. HP: 53/57 MP: 7/7
  3192 | D:5      | Found a burning altar of Makhleb.
  3237 | D:5      | Noticed Prince Ribbit
  3245 | D:5      | Killed Prince Ribbit
  3532 | D:5      | Noticed Pikel
  3540 | D:5      | Killed Pikel
  3541 | D:5      | Reached XP level 8. HP: 55/65 MP: 8/8
  3636 | D:5      | Found Qagybuz's Magic Scroll Boutique.
  3666 | D:5      | Bought a scroll of identify for 30 gold pieces
  3874 | D:6      | Reached skill level 5 in Fighting
  4029 | D:6      | Noticed mistmaker's ghost (novice TeAE)
  4029 | D:6      | Reached * piety under the Shining One
  4033 | D:6      | Found a runed translucent door.
  4195 | D:6      | Reached skill level 5 in Armour
  4489 | D:6      | Killed mistmaker's ghost
  4490 | D:6      | Reached XP level 9. HP: 18/72 MP: 9/9
  4993 | D:7      | Found a shimmering altar of Xom.
  4994 | D:7      | Found a shimmering altar of Xom.
  4995 | D:7      | Found a shimmering altar of Xom.
  4995 | D:7      | Found a shimmering altar of Xom.
  5134 | D:7      | Found a blossoming altar of Fedhas.
  5272 | D:7      | Reached skill level 1 in Maces & Flails
  5283 | D:7      | Found an ornate altar of the Wu Jian Council.
  5288 | D:7      | Found an opulent altar of Gozag.
  5369 | D:7      | Noticed a manticore
  5381 | D:7      | Killed a manticore
  5382 | D:7      | Reached skill level 2 in Maces & Flails
  5409 | D:7      | Reached skill level 3 in Maces & Flails
  5891 | D:7      | Noticed a queen bee
  5891 | D:7      | a spriggan changed into a queen bee
  5926 | D:7      | Noticed a harpy
  5926 | D:7      | Noticed a wind drake
  6054 | D:7      | Noticed a salamander
  6132 | D:8      | Found a staircase to the Lair.
  6132 | D:8      | Noticed an elephant
  6174 | D:8      | Killed an elephant
  6175 | D:8      | Reached skill level 4 in Maces & Flails
  6175 | D:8      | Reached skill level 5 in Shields
  6194 | D:8      | Reached XP level 10. HP: 40/81 MP: 10/10
  6411 | D:8      | Reached skill level 5 in Maces & Flails
  6509 | D:8      | Noticed a two-headed ogre
  6509 | D:8      | Reached ** piety under the Shining One
  6518 | D:8      | Killed a two-headed ogre
  6519 | D:8      | Reached skill level 6 in Maces & Flails
  6519 | D:8      | Reached skill level 1 in Dodging
  7102 | D:8      | Reached skill level 1 in Throwing
  7110 | D:8      | Reached skill level 7 in Maces & Flails
  7223 | D:7      | Noticed a shock serpent
  7234 | D:7      | Noticed an eye of devastation
  7278 | D:7      | Noticed a cyclops
  7279 | D:7      | Noticed a steelbarb worm
  7342 | Lair:1   | Entered Level 1 of the Lair of Beasts
  7400 | Lair:1   | Reached XP level 11. HP: 49/88 MP: 11/11
  7574 | Lair:1   | Reached skill level 8 in Maces & Flails
  8600 | Lair:1   | Identified the +1 ring mail of Temperance {*Corrode rPois
                  | Slay+6}
  9001 | Lair:1   | Reached skill level 9 in Maces & Flails
  9429 | Lair:2   | Found a staircase to the Shoals.
  9585 | Lair:2   | Found a hole to the Spider Nest.
  9626 | Lair:2   | Noticed Erica
  9643 | Lair:2   | Killed Erica
  9716 | Lair:2   | Reached *** piety under the Shining One
  9843 | Lair:3   | Noticed a four-headed hydra
  9848 | Lair:3   | Killed a four-headed hydra
  9849 | Lair:3   | Reached skill level 10 in Maces & Flails
  9973 | Lair:3   | Reached XP level 12. HP: 81/98 MP: 12/12
 10251 | Lair:3   | Reached skill level 11 in Maces & Flails
 10743 | Lair:4   | Noticed a death yak
 10743 | Lair:4   | Noticed a death yak
 10743 | Lair:4   | Noticed a death yak
 10745 | Lair:4   | Noticed an eight-headed hydra
 10764 | Lair:4   | The Shining One protects you from harm!
 10797 | Lair:4   | Found a dark tunnel.
 10893 | Volcano  | Entered a volcano
 11255 | Volcano  | Noticed a centaur warrior
 11259 | Volcano  | Noticed a red draconian
 11265 | Volcano  | Killed a centaur warrior
 11274 | Volcano  | HP: 2/100 [red draconian/searing blast (9)]
 11275 | Volcano  | Engulfed by a red draconian's flame

Illustrated notes

Levels and vault maps discovered:
D:1:      roderic_chinese_lattice_arrival, layout_rooms, serial_shops, shop,
          dreamdust_ecumenical_altar_sealed_demon, serial_bayou_pond_a
D:2:      layout_loops_ring, minmay_worlds_worst_comb, uniq_terence
D:3:      layout_loops_ring, mainiacjoe_overflow_catwalk, supply_closet_lemuel,
          kennysheep_cross_room, chequers_serial_rivers_micro_b
D:4:      layout_loops_cross, amethyst_overflow_temple_binary, temple_green,
          minmay_misc_feat_tower
D:5:      layout_loops_ring, kennysheep_little_box, serial_shops,
          nicolae_shop_crystal, uniq_prince_ribbit1, uniq_pikel,
          uniq_blork_the_orc
D:6:      layout_basic, serial_rivers, chequers_serial_rivers_micro_a,
          chequers_serial_rivers_small_3, chequers_serial_rivers_large_a,
          chequers_serial_rivers_room_a, chequers_serial_rivers_marsh,
          chequers_serial_rivers_room_a, hellmonk_ghost_happy_afterlife,
          minmay_misc_feat_more_columns
D:7:      layout_basic, mainiacjoe_overflow_catwalk_spiral, xom_shifter_show,
          mainiacjoe_overflow_cross_hatched, grunt_ministairs_15,
          minmay_microvault
D:8:      layout_cave_pods, david_lair_generic, amcnicky_mini_pool_medium
Lair:1:   layout_gridlike, grunt_megastairs_4
Lair:2:   layout_loops_ring, shoals_dummy_entry,
          hellmonk_spider_entry_not_the_bees, chequers_serial_rivers_micro_c,
          uniq_erica
Lair:3:   layout_misc_corridors, serial_bayou_shore_a, grunt_megastairs_2
Lair:4:   layout_roguey, enter_volcano_4, nicolae_quartered_pool_medium,
          grunt_megastairs_3
Volcano:  volcano_grotto [vgs_dualism]

Skill      XL: |  1  2  3  4  5  6  7  8  9 10 11 12 |
---------------+-------------------------------------+-----
Axes           | 3 4 5 7 8 |  8.9
Armour         | 3 4 5 6 7 |  7.7
Fighting       | 4 5 6 7 8 |  8.3
Shields        | 3 5 6 7 8 |  8.1
Maces & Flails | 4 7 10 11 | 11.5
Dodging        | 1 2 3 |  3.2
Throwing       | 2 |  2.4
Stealth        | |  0.4
Invocations    | |  0.3
Evocations     | |  0.1

Action                   |  1- 3 |  4- 6 |  7- 9 | 10-12 || total
-------------------------+-------+-------+-------+-------++-------
Melee: War axe           |    73 |   108 |   105 |       ||   286
       Tailslap          |     5 |    16 |    45 |   130 ||   196
       Flail             |       |       |   137 |   523 ||   660
Throw: Dart              |       |       |    12 |    32 ||    44
Invok: Divine Shield     |       |       |       |     2 ||     2
       Cleansing Flame   |       |       |       |     1 ||     1
 Abil: Rolling Charge    |     2 |       |     4 |     5 ||    11
Evoke: Wand              |       |       |       |     8 ||     8
  Use: Potion            |       |     2 |     6 |     8 ||    16
       Scroll            |       |       |    11 |     4 ||    15
Armor: Scale mail        |    41 |    34 |       |       ||    75
       Plate armour      |       |    53 |   157 |   125 ||   335
       Ring mail         |       |       |       |   173 ||   173
Dodge: Dodged            |    32 |    24 |    98 |   204 ||   358
Block: Buckler           |    18 |    22 |    63 |   118 ||   221
